 Dungeon Sprint DCSS version 0.18.1-50-g88ac8fd (webtiles) character file.

3485 Groucho the Unseen (level 9, -2/39 HPs)
             Began as a Spriggan Enchanter on Apr 17, 2017.
             Was the Champion of Makhleb.
             Engulfed by a fire crab's flame (28 damage)
             ... in the Dungeon (Sprint IX: "|||||||||||||||||||||||||||||").
             The game lasted 00:06:09 (2669 turns).

Groucho the Unseen (Spriggan Enchanter)             Turns: 2669, Time: 00:06:09

Health: -2/39      AC:  3    Str:  7    XL:     9   Next: 79%
Magic:  25/26      EV: 30    Int: 20    God:    Makhleb [******]
Gold:   0          SH:  0    Dex: 19    Spells: 4 memorised, 23 levels left

rFire  . . .     SeeInvis +     o - +2 rapier (elec)
rCold  . . .     Gourm    .     b - +1 robe
rNeg   . . .     Faith    .     (shield restricted)
rPois  .         Spirit   .     (helmet restricted)
rElec  .         Dismiss  .     (no cloak)
rCorr  .         Reflect  .     (gloves unavailable)
SustAt .         Harm     .     (boots unavailable)
MR     +....     NoTele   +     (no amulet)
Stlth  +++++++...               r - +3 ring of intelligence
                                q - +3 ring of dexterity

@: very quick, somewhat resistant to hostile enchantments, extremely stealthy
A: unfitting armour, see invisible, herbivore 3, speed 3, slow metabolism 2
a: Minor Destruction, Lesser Servant of Makhleb, Major Destruction, Greater
Servant of Makhleb, Renounce Religion


You were in the Dungeon.
You worshipped Makhleb.
Makhleb was exalted by your worship.
You were hungry.

You visited 1 branch

Inventory:

Hand Weapons
 a - a +1 dagger
 o - a +2 rapier of electrocution (weapon)
Missiles
 v - 12 stones (quivered)
Armour
 b - a +1 robe (worn)
 p - a +0 cloak
Jewellery
 q - a +3 ring of dexterity (left hand)
 r - a +3 ring of intelligence (right hand)
Wands
 n - a wand of acid (7/15)
Scrolls
 j - 3 scrolls of blinking
 l - 3 scrolls of remove curse
 m - 3 scrolls of amnesia
 w - 3 scrolls of fear
 x - a scroll of fog
Potions
 e - 5 potions of curing
 f - 4 potions of heal wounds
 g - a potion of haste
 h - 2 potions of magic
 i - a potion of berserk rage
 k - a potion of invisibility
 s - a potion of brilliance
 t - a potion of cure mutation
 u - a potion of agility
Books
 c - a book of Maledictions

   Spells                             Type                      Level
   a - Corona                         Hexes                        1
   b - Ensorcelled Hibernation        Hexes/Ice                    2
   c - Confuse                        Hexes                        3
   d - Tukima's Dance                 Hexes                        3
   e - Dazzling Spray                 Conjuration/Hexes            3
Comestibles
 d - a bread ration


   Skills:
 + Level 10.1 Short Blades
 + Level 13.0 Dodging
 * Level 15.6 Stealth
 * Level 12.3 Spellcasting
 * Level 12.5 Hexes
 + Level 4.5 Invocations
 + Level 5.6 Evocations


You had 23 spell levels left.
You knew the following spells:

 Your Spells              Type           Power        Failure   Level  Hunger
a - Corona                Hex            ######.      1%          1    None
b - Ensorcelled Hibernat  Hex/Ice        #####.       1%          2    None
c - Confuse               Hex            ######..     1%          3    None
d - Dazzling Spray        Conj/Hex       #####.       1%          3    None


Dungeon Overview and Level Annotations

Branches:
Dungeon (1/1)

Altars:
Cheibriados
Dithmenos
Elyvilon
Fedhas
Gozag
Kikubaaqudgha
Makhleb
Nemelex Xobeh
Okawaru
Pakellas
Qazlal
Ru
Sif Muna
Trog
Vehumet
Xom
Yredelemnul
Zin
The Shining One
Beogh
Jiyva
Lugonu


Innate Abilities, Weirdness & Mutations

You are tiny and cannot use many weapons and most armour.
You have supernaturally acute eyesight.
You are a herbivore.
You cover ground extremely quickly.
You need consume almost no food.


Message History

Aiming: Ensorcelled Hibernation
Press: ? - help, Shift-Dir - straight line, f/p - porcupine
Aim: a porcupine (chance to defeat MR: 65%)
The porcupine looks drowsy...
You are feeling hungry.
You are struck by the porcupine's spines.
The helpless porcupine fails to defend itself.
You spit the porcupine like a pig!!!!
You kill the porcupine!
Makhleb accepts your kill.
You feel better. The fire crab breathes flames at you.
The blast of flame engulfs you!
Drink which item? (? for menu, Esc to quit)
You feel much better.
You are engulfed in roaring flames.
* * * LOW HITPOINT WARNING * * *
Drink which item? (? for menu, Esc to quit)
You feel much better.
You are engulfed in roaring flames.
Ouch! That really hurt!
You die...

▓_▓.▓.▓
▓_▓.▓.▓
▓_▓.▓.▓
▓_▓.▓.▓
▓_▓.▓.▓
▓_▓.▓†▓
▓_▓.▓'▓
▓_▓.▓t▓
▓_▓.▓@▓
▓_▓.▓§▓
▓_▓.▓§▓
▓_▓.▓§▓
▓_▓.▓§▓
▓_▓.▓§▓
▓_▓.▓§▓
▓_▓.▓§▓
▓_▓.▓'▓


You could see a fire crab.

Vanquished Creatures
  3 hydras (D)
  An unseen horror (D)
  A gargoyle (D)
  A wraith (D)
  A basilisk (D)
  A yak (D)
  2 water moccasins (D)
  2 porcupines (D)
  An ice beast (D)
  A wolf (D)
  2 crocodiles (D)
  A giant frog (D)
  A crimson imp (D)
  4 iguanas (D)
  2 worker ants (D)
  A sheep (D)
  A river rat (D)
  A shadow imp (D)
  An ooze (D)
  A dart slug (D)
  An orc (D)
  A giant cockroach (D)
  A goblin (D)
  A hobgoblin (D)
  2 jackals (D)
  A ball python (D)
  A ball python skeleton (D)
  A giant gecko zombie (D)
  A giant newt (D)
39 creatures vanquished.

Notes
Turn   | Place    | Note
--------------------------------------------------------------
     0 | D        | Groucho the Spriggan Enchanter began the quest for the Orb.
     0 | D        | Reached XP level 1. HP: 9/9 MP: 5/5
     9 | D        | Reached skill level 5 in Stealth
    28 | D        | Reached XP level 2. HP: 12/13 MP: 7/7
   344 | D        | Learned a level 2 spell: Ensorcelled Hibernation
  1458 | D        | Reached skill level 5 in Dodging
  1458 | D        | Reached skill level 6 in Stealth
  1458 | D        | Reached XP level 3. HP: 16/16 MP: 5/9
  1696 | D        | Found a glowing silver altar of Zin.
  1696 | D        | Found a glowing golden altar of the Shining One.
  1696 | D        | Found an ancient bone altar of Kikubaaqudgha.
  1696 | D        | Found a basalt altar of Yredelemnul.
  1696 | D        | Found a shimmering altar of Xom.
  1696 | D        | Found a radiant altar of Vehumet.
  1697 | D        | Found an iron altar of Okawaru.
  1698 | D        | Found a burning altar of Makhleb.
  1699 | D        | Found a deep blue altar of Sif Muna.
  1700 | D        | Found a bloodstained altar of Trog.
  1701 | D        | Found a sparkling altar of Nemelex Xobeh.
  1702 | D        | Found a white marble altar of Elyvilon.
  1703 | D        | Found a roughly hewn altar of Beogh.
  1704 | D        | Found a viscous altar of Jiyva.
  1705 | D        | Found a corrupted altar of Lugonu.
  1706 | D        | Found a blossoming altar of Fedhas.
  1707 | D        | Found a snail-covered altar of Cheibriados.
  1708 | D        | Found a shadowy altar of Dithmenos.
  1709 | D        | Found a stormy altar of Qazlal.
  1710 | D        | Found an opulent altar of Gozag.
  1711 | D        | Found a sacrificial altar of Ru.
  1712 | D        | Found an oddly glowing altar of Pakellas.
  1726 | D        | Became a worshipper of Makhleb the Destroyer
  1765 | D        | Learned a level 3 spell: Confuse
  1769 | D        | Learned a level 3 spell: Dazzling Spray
  1769 | D        | Noticed a wraith
  1769 | D        | Noticed a gargoyle
  1769 | D        | Noticed an ice beast
  1769 | D        | Noticed an unseen horror
  1785 | D        | Reached skill level 7 in Stealth
  1785 | D        | Reached skill level 5 in Hexes
  1785 | D        | Reached XP level 4. HP: 21/21 MP: 3/11
  1789 | D        | Killed an unseen horror
  1789 | D        | Reached * piety under Makhleb
  1789 | D        | Reached skill level 10 in Dodging
  1789 | D        | Reached skill level 11 in Stealth
  1789 | D        | Reached XP level 5. HP: 14/24 MP: 10/17
  1789 | D        | Reached XP level 6. HP: 16/28 MP: 10/18
  1789 | D        | Reached XP level 7. HP: 19/32 MP: 11/20
  1803 | D        | Killed a gargoyle
  1803 | D        | Reached skill level 12 in Stealth
  1822 | D        | Killed a wraith
  1822 | D        | Reached skill level 10 in Hexes
  1822 | D        | Reached XP level 8. HP: 34/36 MP: 3/22
  2041 | D        | Reached ** piety under Makhleb
  2049 | D        | Reached *** piety under Makhleb
  2049 | D        | Reached skill level 13 in Stealth
  2049 | D        | Reached skill level 10 in Spellcasting
  2049 | D        | Reached skill level 1 in Invocations
  2049 | D        | Reached skill level 1 in Evocations
  2275 | D        | Reached **** piety under Makhleb
  2281 | D        | Reached ***** piety under Makhleb
  2631 | D        | Noticed a five-headed hydra
  2631 | D        | Noticed a four-headed hydra
  2632 | D        | Noticed a six-headed hydra
  2633 | D        | Reached skill level 14 in Stealth
  2638 | D        | Reached ****** piety under Makhleb
  2646 | D        | Killed a four-headed hydra
  2646 | D        | Reached XP level 9. HP: 39/39 MP: 9/25
  2657 | D        | Noticed a fire crab
  2657 | D        | Killed a six-headed hydra
  2657 | D        | Reached skill level 15 in Stealth
  2660 | D        | Killed a five-headed hydra
  2660 | D        | Reached skill level 10 in Short Blades
  2660 | D        | Reached skill level 5 in Evocations
  2669 | D        | Engulfed by a fire crab's flame

Skill      XL: |  1  2  3  4  5  6  7  8  9 |
---------------+----------------------------+-----
Spellcasting   | 3 4 8 9 11 12 | 12.3
Stealth        | 5 6 7 11 12 14 15 | 15.6
Short Blades   | 2 3 7 8 9 10 | 10.1
Hexes          | 4 5 9 10 11 12 | 12.5
Dodging        | 5 10 11 12 13 | 13.0
Invocations    | 3 4 |  4.5
Evocations     | 4 5 |  5.6

Action                   |  1- 3 |  4- 6 |  7- 9 || total
-------------------------+-------+-------+-------++-------
Melee: Dagger            |    28 |     1 |    25 ||    54
       Rapier            |       |       |    35 ||    35
 Cast: Corona            |     1 |       |       ||     1
       Ensorcelled Hiber |    12 |     2 |    15 ||    29
       Confuse           |       |       |     7 ||     7
  Use: Potion            |       |     1 |     4 ||     5
 Stab: Sleeping          |     9 |     1 |    16 ||    26
       Confused          |       |       |     3 ||     3
Armor: Robe              |     3 |       |     1 ||     4
Dodge: Dodged            |    26 |     3 |    27 ||    56
